Map: Shrines of Lizul

Players

SputNIC

  • Race: Zerg Zerg
  • League: Gold
  • Spawn Location: 12:00

Sleek

  • Race: Terran Terran
  • Spawn Location: 3:00

OpuS - Winner!

  • Race: Protoss Protoss
  • League: Diamond
  • Spawn Location: 9:00

Sketchaphone - Winner!

  • Race: Zerg Zerg
  • League: Gold
  • Spawn Location: 6:00

VOD

Have the link to the VOD?

Description

Time

  • Played on: Jan. 21, 2019, 7:24 p.m.
  • Length: 3:56
Show
View Real Time Build Order
Export as new Build Order

SputNIC Zerg 

Build Orders: 3 Hatch before Pool 

Get SALT Encoding   

  12  0:02  Drone  
  13  0:13  Overlord  
  13  0:18  Drone  
  14  0:31  Drone x2  
  16  0:37  Drone  
  17  0:45  Drone  
  18  0:56  Drone  
  19  1:07  Drone  
  19  1:10  Hatchery  
  19  1:11  Extractor  
  19  1:45  Drone x3, Hatchery  
  21  1:49  Spawning Pool  
  20  1:56  Drone  
  21  2:13  Drone  
  22  2:37  Spine Crawler  
  22  2:38  Spine Crawler  
  22  2:40  Spine Crawler, Queen  
  22  2:42  Zergling x2  
  22  2:43  Overlord x2  
Show
View Real Time Build Order
Export as new Build Order

Sleek Terran 

Build Orders:  

Get SALT Encoding   

  12  0:01  SCV  
  13  0:13  SCV  
  14  0:20  Supply Depot  
  14  0:25  SCV  
  15  0:41  SCV  
  16  0:44  Barracks  
  16  0:48  Refinery  
  16  0:54  SCV  
  17  1:02  Barracks  
  17  1:06  SCV  
  18  1:18  SCV  
  19  1:31  Marine  
  20  1:34  Supply Depot  
  20  1:37  Orbital Command  
  20  1:49  Marine  
  21  1:56  Marine  
  21  2:00  Barracks  
  22  2:03  SCV  
  23  2:12  Marine  
  24  2:21  Marine  
  24  2:26  SCV  
  25  2:31  Barracks Tech Lab  
  25  2:38  SCV  
  25  2:39  Marine  
  25  2:40  Barracks  
  27  2:50  SCV  
  28  2:55  Marine  
  28  2:56  Marauder  
  28  2:57  Concussive Shells  
  29  2:59  Marine  
  28  3:24  Marine x2  
  28  3:26  Marauder  
  29  3:29  Marine  
  29  3:30  SCV  
  31  3:35  Refinery  
  31  3:52  Supply Depot, Command Center  
Show
View Real Time Build Order
Export as new Build Order

OpuS Protoss - Winner!

Build Orders:  

Get SALT Encoding   

  12  0:01  Probe  
  13  0:13  Probe  
  14  0:19  Pylon  
  14  0:25  Probe  
  15  0:35  Probe  
  15  0:41  Pylon  
  16  0:44  Probe  
  17  0:52  Probe  
  18  1:00  Gateway  
  18  1:09  Gateway  
  18  1:22  Gateway  
  18  1:34  Assimilator  
  18  1:47  Zealot  
  18  1:48  Probe  
  20  1:54  Cybernetics Core  
  20  1:57  Zealot, Probe  
  23  2:09  Probe  
  23  2:14  Pylon  
  24  2:21  Probe  
  24  2:22  Zealot  
  27  2:31  Adept  
  29  2:37  Assimilator  
  29  2:40  Probe  
  30  2:52  Probe  
  31  3:04  Probe  
  32  3:06  Robotics Facility  
  32  3:13  Adept x2  
  36  3:45  Nexus  
Show
View Real Time Build Order
Export as new Build Order

Sketchaphone Zerg - Winner!

Build Orders: Pool First 

Get SALT Encoding   

  12  0:01  Drone  
  13  0:15  Drone  
  14  0:29  Spawning Pool  
  14  0:32  Drone  
  14  0:37  Extractor  
  14  0:38  Drone  
  14  0:46  Overlord  
  14  1:04  Drone  
  14  1:06  Drone  
  14  1:09  Drone  
  17  1:18  Zergling x2  
  17  1:19  Queen  
  20  1:30  Zergling x2  
  21  1:36  Overlord  
  21  2:04  Metabolic Boost  
  21  2:06  Zergling x2  
  21  2:07  Zergling x2  
  21  2:08  Hatchery  
  22  2:23  Zergling x4  
  24  2:30  Zergling x2  
  25  2:40  Zergling x2  
  25  2:41  Overlord  
  25  2:42  Drone  
  27  3:04  Zergling x2  
  27  3:05  Zergling x2  
  28  3:08  Roach Warren  
  24  3:25  Zergling x2  
  24  3:26  Zergling x4  
  27  3:31  Zergling x2  
  28  3:38  Drone x2  
  32  3:42  Drone  
Tags
 
Add a new tag
Caveats
  • Supply blocks, unpowered buildings, or Contaminate may cause inaccurate times.
  • Supply counts are checked every 10 seconds.